 Dungeon Crawl Stone Soup version 0.23.2-40-g277498a001 (webtiles) character file.

Game seed: 756714936597070610

153 Kikorro the Covered (level 5, -2/47 HPs)
             Began as a Minotaur Fighter on Sept 2, 2019.
             Killed by nerve-wracking pain
             ... invoked by an orc priest
              (12 damage)
             ... on level 3 of the Dungeon.
             The game lasted 00:08:03 (1623 turns).

Kikorro the Covered (Minotaur Fighter)              Turns: 1623, Time: 00:08:03

Health: -2/47      AC: 13    Str: 21    XL:     5   Next: 12%
Magic:  4/4        EV:  6    Int:  5    God:
Gold:   97         SH:  9    Dex: 10    Spells: 4/4 levels left

rFire    . . .     SeeInvis .   a - +0 war axe
rCold    . . .     Gourm    .   c - +0 shield
rNeg     . . .     Faith    .   r - +0 chain mail
rPois    .         Spirit   .   (helmet restricted)
rElec    .         Reflect  .   h - +0 cloak
rCorr    .         Harm     .   t - +0 pair of gloves
MR       .....                  i - +0 pair of boots
Stlth    ..........             (no amulet)
HPRegen  0.15/turn              (no ring)
MPRegen  0.09/turn              (no ring)

@: no status effects
A: retaliatory headbutt, horns 2
a: no special abilities


You were on level 3 of the Dungeon.
You were not hungry.

You visited 1 branch of the dungeon, and saw 3 of its levels.

You collected 97 gold pieces.

Inventory:

Hand Weapons
 a - a +0 war axe (weapon)
Missiles
 e - 39 arrows
 l - 47 bolts
Armour
 b - +0 acid dragon scales
 c - a +0 shield (worn)
 h - a +0 cloak (worn)
 i - a +0 pair of boots (worn)
 r - a +0 chain mail (worn)
 t - a +0 pair of gloves (worn)
Scrolls
 g - 2 scrolls of remove curse {unknown}
 j - 2 scrolls of noise {unknown}
 n - a scroll of enchant armour
 p - 2 scrolls of teleportation {unknown}
 q - 2 scrolls of enchant weapon {unknown}
Potions
 d - a potion of might
 k - a potion of heal wounds {unknown}
 m - a potion of curing
 o - a potion of invisibility {unknown}
 u - a potion of agility {unknown}
 v - a potion of magic {unknown}
 w - a potion of degeneration {unknown}
Comestibles
 f - 5 rations
 s - 2 chunks of flesh


   Skills:
 + Level 4.3 Fighting
 + Level 4.4 Axes
 + Level 4.5 Armour
 + Level 0.7 Dodging
 + Level 4.4 Shields


You had 4 spell levels left.
You didn't know any spells.
Your spell library was empty.

Dungeon Overview and Level Annotations

Branches:
Dungeon (3/15)

Altars:


Innate Abilities, Weirdness & Mutations

You reflexively headbutt those who attack you in melee.
You have a pair of horns on your head.


Message History

Your headbutt misses the frilled lizard.
The frilled lizard unfolds its giant frill.
You block the frilled lizard's attack.
The orc priest mumbles some strange prayers to Beogh against you.
Beogh smites you!
You are too injured to fight recklessly!
You are too injured to fight recklessly!
Unknown command.
The frilled lizard bites you but does no damage.
The orc priest mumbles some strange prayers to Beogh against you.
Beogh smites you!
* * * LOW HITPOINT WARNING * * *
It was a potion of curing.
You feel better. You block the frilled lizard's attack.
The frilled lizard barely misses you. You furiously retaliate!
You headbutt the frilled lizard!
You kill the frilled lizard!
The orc priest calls down the wrath of Beogh upon you.
Pain shoots through your body!
You die...

.##.#......##.##
.##.#########..########
.......................
.##.#####.####..######
.##.# #.# ##.## .##.#
#.# #..# . .##.#####.#
##.# ... ..........#
##.####.[.. ##.....####
#.@........ ##.....#
#.†........ .......#
#.oo....... ########
###.###.... #l. ...
##.# .. .. ... ...


You could see 2 orc priests and a frilled lizard.

Vanquished Creatures
  3 gnolls (D:2)
  3 adders
  An ooze (D:3)
  3 worms
  2 dart slugs
  A leopard gecko (D:3)
  6 orcs
  7 bats
  6 giant cockroaches
  6 goblins
  5 hobgoblins
  6 jackals (D:2)
  A quokka (D:3)
  A ball python (D:1)
  8 frilled lizards
  9 kobolds
  7 rats
75 creatures vanquished.

Notes
Turn   | Place    | Note
-------+----------+-------------------------------------------
     0 | D:1      | Kikorro the Minotaur Fighter began the quest for the Orb.
     0 | D:1      | Reached XP level 1. HP: 19/19 MP: 0/0
   124 | D:1      | Reached XP level 2. HP: 27/27 MP: 1/1
   675 | D:2      | Reached XP level 3. HP: 33/33 MP: 2/2
   730 | D:2      | Reached XP level 4. HP: 34/40 MP: 3/3
  1477 | D:3      | Reached XP level 5. HP: 47/47 MP: 4/4
  1623 | D:3      | Killed from afar by an orc priest

Skill      XL: |  1  2  3  4 |
---------------+-------------+-----
Fighting       | 4 |  4.3
Shields        | 4 |  4.4
Armour         | 4 |  4.5
Axes           | 3 4 |  4.4
Dodging        | |  0.7

Action                   |  1- 3 |  4- 6 || total
-------------------------+-------+-------++-------
Melee: War axe           |    61 |   105 ||   166
       Headbutt          |    11 |    18 ||    29
  Use: Scroll            |     2 |       ||     2
       Potion            |     1 |     1 ||     2
  Eat: Chunk             |       |     3 ||     3
Armor: Scale mail        |    39 |    32 ||    71
       Chain mail        |       |    20 ||    20
Dodge: Dodged            |    15 |    29 ||    44
Block: Shield            |    35 |    63 ||    98
